 Dungeon Crawl Stone Soup version 0.24.0-13-gcf9b319 (webtiles) character file.

Game seed: 9630423169199856841, levelgen mode: deterministic

2493 Balder the Slasher (level 9, -11/112 HPs)
             Began as a Minotaur Fighter on May 2, 2020.
             Was a Believer of Makhleb.
             Killed by divine providence
             ... invoked by an orc priest
              (14 damage)
             ... on level 8 of the Dungeon.
             The game lasted 00:23:23 (6439 turns).

Balder the Slasher (Minotaur Fighter)               Turns: 6439, Time: 00:23:24

Health: -11/112    AC: 13    Str: 27    XL:     9   Next: 27%
Magic:  9/9        EV:  8    Int:  8    God:    Makhleb [**....]
Gold:   312        SH: 11    Dex: 12    Spells: 8/8 levels left

rFire    . . .     SeeInvis .   a - +0 long sword
rCold    . . .     Gourm    .   c - +0 shield
rNeg     + . .     Faith    .   I - +0 chain mail
rPois    .         Spirit   .   K - +1 hat {Int+3}
rElec    .         Reflect  .   m - +0 cloak
rCorr    .         Harm     .   (no gloves)
MR       .....                  (no boots)
Stlth    ..........             (no amulet)
HPRegen  0.28/turn              z - ring of stealth
MPRegen  0.11/turn              D - ring of positive energy

@: berserking, very quick
A: retaliatory headbutt, horns 2
a: Minor Destruction, Renounce Religion


You were on level 8 of the Dungeon.
You worshipped Makhleb.
Makhleb was pleased with you.
You were not hungry.

You visited 2 branches of the dungeon, and saw 9 of its levels.

You collected 312 gold pieces.

Inventory:

Hand Weapons
 a - a +0 long sword (weapon)
 o - a +0 whip
 r - a +0 spear
 y - a +0 hunting sling
Missiles
 w - 115 sling bullets
 A - 16 poisoned darts
 E - 3 boomerangs (quivered)
Armour
 c - a +0 shield (worn)
 m - a +0 cloak (worn)
 I - a +0 chain mail (worn)
 K - a +1 hat of intelligence (worn)
Jewellery
 z - a ring of stealth (left hand)
 D - a ring of positive energy (right hand)
Wands
 F - a wand of digging (4)
 H - a wand of enslavement (8)
 L - a wand of polymorph (5)
Scrolls
 i - 2 scrolls of immolation {unknown}
 n - 2 scrolls of teleportation
 s - 3 scrolls of identify
 t - 2 scrolls of fog {unknown}
 u - 2 scrolls of magic mapping {unknown}
 x - 3 scrolls of remove curse {unknown}
 G - a scroll of fear {unknown}
 J - a scroll of acquirement {unknown}
Potions
 b - a potion of invisibility {unknown}
 g - a potion of agility {unknown}
 j - a potion of ambrosia {unknown}
 k - a potion of mutation {unknown}
 l - a potion of heal wounds {unknown}
 p - a potion of lignification {unknown}
 q - 2 potions of curing
 v - a potion of cancellation
 B - 2 potions of magic {unknown}
 C - a potion of berserk rage
Comestibles
 f - 6 rations


   Skills:
 * Level 5.8 Fighting
 * Level 7.6 Long Blades
 * Level 4.1 Maces & Flails
 * Level 4.1 Throwing
 * Level 7.3 Armour
 * Level 3.7 Dodging
 * Level 6.8 Shields
 * Level 2.5 Invocations
 + Level 0.2 Evocations


You had 8 spell levels left.
You didn't know any spells.
Your spell library was empty.

Dungeon Overview and Level Annotations

Branches:
Dungeon (8/15)             Temple (1/1) D:5
   Lair: D:8-11

Altars:
Ashenzari
Cheibriados
Dithmenos
Elyvilon
Fedhas
Gozag
Kikubaaqudgha
Makhleb
Nemelex Xobeh
Okawaru
Qazlal
Ru
Sif Muna
Trog
Uskayaw
Vehumet
Wu Jian
Xom
Yredelemnul
Zin
The Shining One


Innate Abilities, Weirdness & Mutations

You reflexively headbutt those who attack you in melee.
You have a pair of horns on your head.


Message History

Your magical effects are unravelling.
You feel magically purged.
You feel a little less mighty now. You block the warg's attack.
The orc priest invokes the aid of Beogh against you.
Beogh smites you!
* * * LOW HITPOINT WARNING * * *
You hit the warg. Your headbutt misses the warg.
The warg is lightly wounded.
The warg barely misses you. You furiously retaliate!
You headbutt the warg, but do no damage.
You block the warg's attack.
A red film seems to cover your vision as you go berserk!
You feel yourself moving faster!
You feel mighty! You block the warg's attack.
You slash the warg! Your headbutt misses the warg.
The warg is heavily wounded.
The warg bites you but does no damage.
The orc priest invokes the aid of Beogh against you.
Beogh smites you!
You die...

#......####.#
#......'....#
#......######
#......#
##+##'####### .
##.##.# #...# ...
#.....# #...# #....
#.....###...##oo....
#.......'...@h{o....
#.....###...###o....
+.....# #...# ...
#.....# ##### .
##....# #.#.## #.#.
# #.


You could see a warg, 3 orc priests and an orc.

Vanquished Creatures
  A spriggan (D:7)
  2 wargs (D:8)
  2 ice beasts (D:7)
  A black bear (D:6)
  2 phantoms
  3 centaurs
  A big kobold (D:8)
  4 bullfrogs
  2 scorpions
  3 crimson imps (D:5)
  A quasit (D:8)
  3 hounds
  2 jellies
  3 orc priests
  A centaur skeleton (D:6)
  2 bullfrog skeletons
  2 iguanas (D:7)
  4 orc wizards
  7 worker ants
  A hound skeleton (D:7)
  7 adders
  3 gnolls (D:2)
  An ooze (D:2)
  2 worms
  3 dart slugs
  6 leopard geckos
  8 orcs
  5 giant cockroaches
  7 goblins
  15 hobgoblins
  17 jackals
  3 quokkas
  2 ball pythons (D:2)
  5 bats
  7 frilled lizards
  9 kobolds
  6 rats
153 creatures vanquished.

Vanquished Creatures (others)
  An ogre (D:6)
  A jackal (D:6)
2 creatures vanquished.

Grand Total: 155 creatures vanquished

Notes
Turn   | Place    | Note
-------+----------+-------------------------------------------
     0 | D:1      | Balder the Minotaur Fighter began the quest for the Orb.
     0 | D:1      | Reached XP level 1. HP: 19/19 MP: 0/0
   300 | D:1      | Reached XP level 2. HP: 27/27 MP: 1/1
   927 | D:1      | Reached XP level 3. HP: 23/33 MP: 2/2
  1127 | D:2      | Reached skill level 1 in Dodging
  1247 | D:2      | Reached XP level 4. HP: 40/40 MP: 3/3
  1359 | D:2      | Reached skill level 1 in Throwing
  1465 | D:2      | Noticed a phantom
  1487 | D:2      | Killed a phantom
  1487 | D:2      | Reached XP level 5. HP: 39/46 MP: 4/4
  1610 | D:2      | Found a radiant altar of Vehumet.
  1611 | D:2      | Found a burning altar of Makhleb.
  1635 | D:2      | Became a worshipper of Makhleb the Destroyer
  1904 | D:3      | Found a shimmering altar of Xom.
  2236 | D:3      | Reached skill level 5 in Shields
  2236 | D:3      | Reached XP level 6. HP: 47/53 MP: 5/5
  2802 | D:4      | Found a sparkling altar of Nemelex Xobeh.
  2812 | D:4      | Found a blossoming altar of Fedhas.
  3184 | D:4      | Reached skill level 5 in Long Blades
  3184 | D:4      | Reached skill level 1 in Maces & Flails
  3184 | D:4      | Reached skill level 5 in Armour
  3493 | D:4      | Reached * piety under Makhleb
  3493 | D:4      | Reached XP level 7. HP: 34/60 MP: 6/6
  3586 | D:5      | Entered Level 5 of the Dungeon
  3930 | D:5      | Found a staircase to the Ecumenical Temple.
  3946 | Temple   | Entered the Ecumenical Temple
  4398 | D:5      | Reached skill level 1 in Invocations
  4487 | D:6      | Reached skill level 5 in Fighting
  4713 | D:6      | Reached XP level 8. HP: 68/68 MP: 6/8
  4732 | D:6      | Found a shadowy altar of Dithmenos.
  4959 | D:6      | Found an ornate altar of the Wu Jian Council.
  5538 | D:7      | Reached ** piety under Makhleb
  6126 | D:7      | Found a blossoming altar of Fedhas.
  6130 | D:7      | Found a shattered altar of Ashenzari.
  6132 | D:7      | Found an iron altar of Okawaru.
  6246 | D:7      | Reached XP level 9. HP: 65/74 MP: 9/9
  6436 | D:8      | HP: 1/75 [orc priest/divine providence (15)]
  6439 | D:8      | Killed from afar by an orc priest

Levels and vault maps discovered:
D:1:      dpeg_arrival_simpleton_a, layout_basic, chequers_garden,
          roderic_lattice_a
D:2:      layout_loops_ring, chequers_temple_overflow_statue_of_worship
D:3:      layout_loops_ring, lemuel_round_altar, first_ration,
          minmay_misc_feat_ornament, minivault_26, minmay_misc_feat_iff
D:4:      layout_basic, lemuel_crystal_altar, hangedman_decor_diamond_cutter,
          fedhas_altar_2
D:5:      layout_cave_pods, minmay_temple_entry_glassed_door
D:6:      layout_rooms, lemuel_doored_altar, kennysheep_mini_moat,
          serial_curves, eino_curves_04, eino_curves_02
D:7:      layout_basic, minitemple, the_bakery
D:8:      minmay_flawed_box, layout_basic, erik_lair_orcish_takeover,
          basic_altar
Temple:   nicolae_temple_hex_pool

Skill      XL: |  1  2  3  4  5  6  7  8  9 |
---------------+----------------------------+-----
Armour         | 4 5 7 |  7.3
Shields        | 4 5 6 |  6.8
Long Blades    | 3 4 5 6 7 |  7.6
Fighting       | 4 5 |  5.8
Dodging        | 1 2 3 |  3.7
Throwing       | 1 2 3 4 |  4.1
Maces & Flails | 1 2 3 4 |  4.1
Invocations    | 1 2 |  2.5
Evocations     | |  0.2

Action                   |  1- 3 |  4- 6 |  7- 9 || total
-------------------------+-------+-------+-------++-------
Melee: Long sword        |    89 |   152 |   234 ||   475
       Headbutt          |     8 |    27 |    52 ||    87
Throw: Dart              |       |     8 |     2 ||    10
       Boomerang         |       |       |    56 ||    56
Invok: Minor Destruction |       |       |     5 ||     5
Evoke: Wand              |       |       |     2 ||     2
  Use: Scroll            |       |     3 |     3 ||     6
       Potion            |       |       |     6 ||     6
  Eat: Chunk             |     1 |     5 |     1 ||     7
       Ration            |       |     1 |     3 ||     4
Armor: Scale mail        |    55 |    62 |     8 ||   125
       Chain mail        |       |       |    92 ||    92
Dodge: Dodged            |    33 |    34 |    60 ||   127
Block: Shield            |    47 |    84 |   114 ||   245
       Rpst.: Long sword |     5 |    10 |    21 ||    36
